 Dungeon Crawl Stone Soup version 0.30.1-4-g462c640d31 (webtiles) character file.

Game seed: 13515162761567189779

1614470 LordWeiramon the Master Archer (level 27, 197/197 HPs)
             Began as a Deep Elf Berserker on Aug 31, 2023.
             Was the Champion of Trog.
             Escaped with the Orb
             ... and 3 runes on Sept 1, 2023!
             The game lasted 08:20:00 (78789 turns).

LordWeiramon the Master Archer (DEBe)              Turns: 78789, Time: 08:20:00

Health: 197/197    AC: 32    Str: 14    XL:     27
Magic:  25/25      EV: 52    Int: 17    God:    Trog [******]
Gold:   2659       SH:  0    Dex: 41    Spells: 26/26 levels left

rFire   + + .        a - +7 triple crossbow (freeze)
rCold   + + .        (shield currently unavailable)
rNeg    . . .        r - +6 acid dragon scales
rPois   +            j - +2 hat of Tierph {Dex+6}
rElec   +            T - scarf {rC+ rF+}
rCorr   +            X - +3 pair of gauntlets of War {Slay+5}
SInv    .            v - +2 pair of boots
Will    +++..        J - amulet "Saacum" {rPois Regen+ Dex+5}
Stlth   +++          q - ring of Zin's Supremacy {Fly rElec Will+ Dex+2}
HPRegen 1.32/turn    i - ring "Mofogroly" {rF+ rC+ AC+4 Dex+4}
MPRegen 0.19/turn

%: random rage (3%)
@: flying, studying Stealth
A: fangs 1, hooves 2, iridescent scales 1, berserk 1, deterioration 1
0: Orb of Zot
}: 3/15 runes: barnacled, silver, gossamer
a: Renounce Religion, Berserk, Trog's Hand, Brothers in Arms


You escaped.
You worshipped Trog.
Trog was exalted by your worship.
You visited 10 branches of the dungeon, and saw 50 of its levels.
You also visited: Sewer and Gauntlet.

You collected 7469 gold pieces.
You spent 4810 gold pieces at shops.

Inventory:

Hand Weapons
 a - a +7 triple crossbow of freezing (weapon)
Missiles
 A - 5 throwing nets
Armour
 c - a +2 cloak
 j - the +2 hat of Tierph (worn) {Dex+6}
   (You found it on level 1 of the Depths)

   Dex:       It affects your dexterity (+6).
 r - +6 acid dragon scales (worn)
 v - a +2 pair of boots (worn)
 G - the +1 hat of Tighoeg {-Tele rPois Dex+5}
   (You found it on level 1 of the Depths)

   Dex:       It affects your dexterity (+5).
   rPois:     It protects you from poison.
   -Tele:     It prevents most forms of teleportation.
 P - the +2 hood of the Assassin {Detect Stab+ Stlth++}
   (You found it in a Gauntlet)

   Detect:    It allows the wearer to sense nearby creatures.
   Stab+:     It allows the wearer to make particularly effective stabbing
   attacks against helpless or unaware enemies with any weapon.
   Stlth:     It makes you much more stealthy.
 T - a scarf of resistance (worn)
 X - the +3 pair of gauntlets of War (worn) {Slay+5}
   (You found it on level 3 of the Crypt)

   Slay:      It affects your accuracy & damage with ranged weapons and melee
   (+5).
Jewellery
 g - a ring of see invisible
 i - the ring "Mofogroly" (right hand) {rF+ rC+ AC+4 Dex+4}
   (You took it off a deep elf elementalist on level 3 of the Elven Halls)

   [ring of protection]

   AC:        It affects your AC (+4).
   Dex:       It affects your dexterity (+4).
   rF:        It protects you from fire.
   rC:        It protects you from cold.
 l - the ring "Siqo" {Will+ Int+2 Dex+6}
   (You found it on level 4 of the Vaults)

   [ring of dexterity]

   Int:       It affects your intelligence (+2).
   Dex:       It affects your dexterity (+6).
   Will:      It increases your willpower.
 q - the ring of Zin's Supremacy (left hand) {Fly rElec Will+ Dex+2}
   (You acquired it on level 1 of the Lair of Beasts)

   [ring of willpower]

   Dex:       It affects your dexterity (+2).
   rElec:     It insulates you from electricity.
   Fly:       It grants you flight.
   Will:      It increases your willpower.
 J - the amulet "Saacum" (around neck) {rPois Regen+ Dex+5}
   (You bought it in a shop on level 4 of the Vaults)

   [amulet of regeneration]

   Dex:       It affects your dexterity (+5).
   rPois:     It protects you from poison.
   Regen:     It increases your rate of health regeneration.
 N - the ring of Nouni {rF+ rCorr Slay+2 Stlth+}
   (You took it off a frost giant on level 4 of the Vaults)

   [ring of protection from fire]

   Slay:      It affects your accuracy & damage with ranged weapons and melee
   (+2).
   rF:        It protects you from fire.
   rCorr:     It protects you from acid and corrosion.
   Stlth:     It makes you more stealthy.
 V - the ring "Wanuac" {rPois rC+ rN+ Dex+2}
   (You found it on level 5 of the Lair of Beasts)

   [ring of protection from cold]

   Dex:       It affects your dexterity (+2).
   rC:        It protects you from cold.
   rPois:     It protects you from poison.
   rN:        It protects you from negative energy.
Wands
 e - a wand of paralysis (38)
 f - a wand of iceblast (42)
 D - a wand of mindburst (24)
 L - a wand of polymorph (36)
 M - a wand of flame (45)
 Q - a wand of digging (21)
 W - a wand of light (6)
Scrolls
 o - 5 scrolls of fear
 p - 13 scrolls of teleportation
 w - 7 scrolls of magic mapping
 y - 3 scrolls of blinking
 C - 7 scrolls of vulnerability
 F - 7 scrolls of poison
 K - a scroll of brand weapon
 Z - 5 scrolls of enchant armour
Potions
 d - 2 potions of cancellation
 s - 4 potions of magic
 t - 14 potions of curing
 u - 13 potions of mutation
 x - 10 potions of ambrosia
 z - 13 potions of heal wounds
 B - 4 potions of invisibility
 E - 10 potions of might
 H - 12 potions of flight
 U - 4 potions of resistance
Miscellaneous
 k - a phantom mirror
 m - a phial of floods
 O - a box of beasts
 R - a tin of tremorstones (2/2)
 S - a lightning rod (4/4)
 Y - a piece from Xom's chessboard (15/15)


   Skills:
 + Level 26.8 Fighting
 - Level 3.1 Short Blades
 O Level 27 Ranged Weapons
 - Level 15.5 Armour
 O Level 27 Dodging
 - Level 15.3 Stealth
 - Level 2.4 Unarmed Combat
 - Level 12.3 Evocations


You had 26 spell levels left.
You didn't know any spells.
Your spell library was empty.

Dungeon Overview and Level Annotations

Branches:
Dungeon (15/15)            Temple (0/1) D:7            Lair (5/5) D:10
 Shoals (4/4) Lair:3       Spider (4/4) Lair:3        Slime (0/5) Lair:4
    Orc (2/2) D:9             Elf (3/3) Orc:2        Vaults (5/5) D:14
  Crypt (3/3) Vaults:3       Tomb (0/3) Crypt:3      Depths (4/4) D:15
    Zot (5/5) Depths:4      Sewer (visited)         Gauntlet (visited)

Altars:
Ashenzari
Fedhas
Gozag
Kikubaaqudgha
Makhleb
Qazlal
Ru
Sif Muna
Vehumet
Wu Jian
Xom
Yredelemnul
The Shining One
Lugonu

Shops:
D:10 *   D:14 *   Orc:2 [:((   Elf:1 (   Elf:2 (=(:(   Vaults:1 *   Vaults:3 ?
Vaults:4 =(*   Vaults:5 *   Zot:4 *   Depths:3 :   Depths:4 (

Portals:
Hell: Depths:1 Depths:2 Depths:3 Depths:4
Abyss: Lair:4 Lair:5 Depths:3
Pandemonium: Depths:2
Ziggurat: Depths:2

Annotations:
Crypt:3 1 runed translucent door, Roocroe's ghost, veteran MiGl
Zot:3 1 transporter


Innate Abilities, Weirdness & Mutations

You have very sharp teeth.
You have hoof-like feet.
You are partially covered in iridescent scales. (AC +2)
You sometimes lose your temper in combat.
Your body sometimes deteriorates upon taking damage.


Message History

Where to? (Enter - D:1, ? - help)
There is a stone staircase leading up here.
You fly upwards.
There is a stone staircase leading down here.
There is a stone staircase leading up, spattered with blood here.
You fly upwards.
There is a stone staircase leading down here.
There is a stone staircase leading up here.
You fly upwards.
There is a stone staircase leading down here.
An ice devil comes into view.
You shoot a bolt. The bolt hits the ice devil!!!
You kill the ice devil!
Trog accepts your kill.
(D) Dungeon (T) Temple (L) Lair (A) Shoals (N) Spider Nest (M) Slime Pits (O) Orcish Mines (E) Elven Halls (V) Vaults (C) Crypt (W) Tomb (U) Depths (H) Hell (Z) Zot
Where to? (Enter - D:1, ? - help)
An Orb Guardian comes into view.
You shoot a bolt.
The bolt closely misses the Orb Guardian.
You shoot a bolt.
The bolt hits the Orb Guardian but does no damage.
You shoot a bolt. The bolt hits the Orb Guardian!!!!
The bolt freezes the Orb Guardian!
You kill the Orb Guardian!
Trog accepts your kill.
No target in view!
There is a stone staircase leading up here.
You fly upwards.
There is a stone staircase leading down here.
Aiming: Dig
Press: ? - help, Shift-Dir - straight line A rock wall.
This square is covered in magical glow.
The rock shatters into small pieces.
There is an open door here.
There is a staircase leading out of the dungeon here.
You have escaped!

#.........#..##.#.##..#.......#
.........###.#8.#.8#.###.####.#
...###...###.##.#.##.###.# #.#
...# ##...#..#8.#.8#..#..# #.#
.######......##.#.##.....# #.#
.#§≈≈#..######8...8####### #.#
##≈.⌠##.#8#8#8#...#8#8#8# #.#
#≈≈.###.#...............### #.#
')..#...'.###.).@...###.'.###.##
#######.#...............#......#
##.####.#8#8#8#...#8#8#8#####..#
##......######8...8##########..#
.######...)..##.#.##...........#
#######...#..#8.#.8#..#...####.#
.........###.##.#.##.###..# #.#
..#####..###.#8.#.8#.###..# #.#
..# #...#).##.#.##..#...## #.#


There were no monsters in sight!

Vanquished Creatures
  3 dread liches
  5 ancient liches
  5 orbs of fire (Zot:5)
  Mara (Vaults:4)
  A juggernaut (Depths:2)
  2 royal mummies (Crypt:2)
  Josephina (Crypt:3)
  10 Killer Klowns
  Saint Roka (Vaults:2)
  Margery (Vaults:4)
  2 curse toes
  Nikola (Spider:3)
  15 golden dragons
  2 electric golems (Zot:5)
  A Brimstone Fiend (Zot:1)
  28 Orb Guardians
  17 tentacled monstrosities
  Zenata (Vaults:2)
  The ghost of ystael the Bringer of Light, an adept MiFi of the Shining One (Shoals:4)
  5 liches
  8 quicksilver dragons
  3 deep elf blademasters
  4 titans (Vaults:5)
  8 ancient champions
  Polyphemus (Shoals:4)
  Gastronok (D:10)
  2 death cobs (Zot:1)
  3 sphinxes (Vaults:5)
  The ghost of mrw3rdna the Bludgeoner, an adept MiHu of Qazlal (Shoals:3)
  14 shadow dragons
  Donald (Elf:2)
  7 tengu reavers
  Roxanne (Shoals:1)
  9 storm dragons
  An azure jelly (shapeshifter) (Vaults:5)
  The ghost of safid the Gelid, an adept MfIE of Vehumet (Shoals:3)
  2 revenants
  5 draconian monks
  5 deep elf sorcerers
  5 fire giants
  7 draconian scorchers
  12 draconian knights
  4 emperor scorpions
  A balrug (Depths:3)
  Louise (Spider:3)
  10 ghost moths
  5 frost giants
  An iron dragon (Vaults:5)
  A caustic shrike zombie (Crypt:3)
  An orc warlord (Vaults:1)
  19 vault wardens
  7 ghouls
  2 curse skulls
  2 broodmothers
  3 draconian stormcallers
  7 deep elf elementalists
  7 draconian shifters
  21 ironbound preservers
  A spriggan defender (Depths:3)
  10 stone giants
  2 war gargoyles (Vaults:5)
  A caustic shrike skeleton (Crypt:2)
  7 draconian annihilators
  A reaper (Crypt:3)
  13 green draconians
  26 very ugly things
  4 ironbound thunderhulks
  A juggernaut skeleton (Crypt:2)
  10 black draconians
  14 vampire knights
  6 deep elf demonologists
  The ghost of erynZofia the Unseen, a journeyman VSBr of Wu Jian (Elf:1)
  9 red draconians
  15 yellow draconians
  11 dire elephants
  12 purple draconians
  Nessos (Orc:2)
  11 white draconians
  4 deep elf annihilators
  The ghost of jsudlow the Bludgeoner, a journeyman MiBe of Trog (Lair:4)
  5 spark wasps
  A spark wasp (shapeshifter) (Vaults:5)
  10 ettins
  A spriggan zombie (Crypt:2)
  10 deep elf high priests
  13 deep elf death magi
  4 eidola
  5 merfolk javelineers (Shoals:4)
  An entropy weaver (shapeshifter) (Vaults:5)
  A crystal guardian (Vaults:3)
  5 merfolk impalers
  6 great orbs of eyes
  12 fire dragons
  10 jiangshi
  14 yaktaur captains
  4 entropy weavers
  A quicksilver dragon skeleton (Crypt:2)
  6 mummy priests (Crypt:2)
  10 ice dragons
  36 vault guards
  7 hydras
  A rakshasa (Depths:1)
  3 catoblepae
  2 peacekeepers
  4 jorogumos
  A spriggan air mage (Depths:2)
  4 hell beasts
  8 centaur warriors
  2 merfolk aquamancers (Shoals:2)
  A caustic shrike simulacrum (Crypt:3)
  An alligator snapping turtle (Shoals:4)
  6 ironbound frosthearts
  3 merfolk avatars (Shoals:4)
  An ogre mage (D:14)
  2 spriggan skeletons
  4 two-headed ogres
  2 radroaches
  2 death knights
  The ghost of sunglassesatnite the Basher, a novice MiBe of Trog (D:8)
  17 death yaks
  27 dancing weapons
  7 vampire magi
  A satyr (Shoals:4)
  12 boulder beetles
  A tengu warrior (Depths:2)
  9 deep troll shamans
  9 deep troll earth magi
  5 hell hogs
  2 Orb Guardian skeletons (Crypt:1)
  5 orc high priests (Orc:2)
  3 spriggan berserkers
  A shock serpent (shapeshifter) (Vaults:5)
  8 sun demons
  4 thrashing horrors
  11 deep elf knights
  A soul eater (Depths:3)
  Sonja (D:10)
  The ghost of CareLess the Basher, a novice HOMo of Beogh (D:6)
  8 hell knights
  3 skysharks
  A fire crab (shapeshifter) (D:13)
  A fire crab (Lair:5)
  18 skeletal warriors
  4 pharaoh ants
  An orb spider (shapeshifter) (Vaults:5)
  A sixfirhy (Zot:1)
  5 flayed ghosts
  4 glowing orange brains
  A salamander mystic (Depths:3)
  59 deep trolls
  2 swamp dragons (shapeshifter)
  5 iron trolls
  13 sea snakes
  8 orb spiders
  A swamp dragon (Zot:4)
  13 wizards
  2 spriggan simulacra (Crypt:3)
  8 deep elf archers
  16 deep elf zephyrmancers
  20 ironbound convokers
  16 lindwurms
  11 orc knights
  27 phantasmal warriors
  10 harpies
  9 necromancers
  23 deep elf pyromancers
  A bunyip skeleton (Crypt:1)
  15 wolf spiders
  13 manticores
  6 steelbarb worms
  An oklob plant (Lair:5)
  8 cyclopes
  A stone giant zombie (Depths:1)
  7 fauns
  3 salamanders (Depths:3)
  A shadow dragon skeleton (Crypt:2)
  3 shining eyes (Depths:2)
  22 moths of wrath
  A worldbinder (Gauntlet)
  4 elephants (Zot:3)
  47 ugly things
  7 merfolk sirens
  16 vault sentinels
  A stone giant skeleton (Crypt:3)
  8 black mambas
  10 water nymphs
  A naga mage (Depths:1)
  A centaur zombie (Crypt:3)
  7 torpor snails
  An iron dragon skeleton (Depths:1)
  An eye of devastation (Depths:2)
  A cane toad (shapeshifter) (Elf:2)
  2 smoke demons
  A water nymph (shapeshifter) (Lair:5)
  A gargoyle (D:12)
  11 demonic crawlers
  11 cane toads
  An orange demon (Depths:2)
  An eye of devastation (shapeshifter) (Depths:1)
  A pale draconian zombie (Crypt:1)
  A dire elephant skeleton (Crypt:3)
  A storm dragon simulacrum (Crypt:3)
  An unseen horror (shapeshifter) (Elf:2)
  A grey draconian zombie (Crypt:3)
  An unseen horror (D:11)
  37 yaktaurs
  A rime drake (Lair:5)
  4 kobold demonologists
  A minotaur skeleton (Crypt:2)
  A red devil (D:15)
  7 freezing wraiths
  2 ice devils
  10 komodo dragons
  7 guardian mummies (Crypt:2)
  7 tengu conjurers
  13 trolls
  2 ancient zymes
  3 polar bears
  Grinder (Sewer)
  9 meliai
  11 merfolk
  3 hornets
  28 tarantellas
  14 blink frogs
  4 wind drakes
  11 snapping turtles
  A wind drake (shapeshifter) (D:12)
  4 dream sheep (Shoals:3)
  A stone giant simulacrum (Depths:1)
  An ice dragon zombie (Crypt:2)
  36 slime creatures
  39 jumping spiders
  15 water elementals
  3 flying skulls (Crypt:3)
  4 air elementals
  4 spriggans
  16 culicivoras
  3 ynoxinuls (Lair:5)
  9 basilisks
  2 vampires (D:13)
  5 wraiths
  2 wyverns
  A large abomination (Lair:5)
  3 fire bats (Depths:2)
  3 humans
  Grum (D:9)
  23 yaks
  3 fire elementals
  A slime creature zombie (Crypt:1)
  An alligator snapping turtle simulacrum (Crypt:3)
  50 redbacks
  3 steam dragons
  8 wargs
  11 vampire mosquitoes
  2 chaos spawn (Lair:5)
  A redback simulacrum (D:14)
  A basilisk (shapeshifter) (D:12)
  A naga (shapeshifter) (D:14)
  15 two-headed ogre zombies (D:14)
  An acid dragon (D:13)
  A water moccasin (shapeshifter) (Vaults:5)
  A hell hound (Gauntlet)
  20 water moccasins
  2 floating eyes
  Duvessa (D:7)
  An ice beast (D:6)
  A deep troll skeleton (Crypt:2)
  An ice beast (shapeshifter) (D:15)
  40 orc warriors
  A black bear (D:7)
  6 ogres
  12 wolves
  2 hog zombies
  7 boggarts
  14 centaurs
  A phantom (D:6)
  4 kobold brigands
  11 bullfrogs
  A draconian zombie (Crypt:3)
  6 necrophages
  3 scorpions
  4 earth elementals
  A shapeshifter zombie (Crypt:1)
  9 small abominations
  5 wights
  Dowan (D:7)
  A warg zombie (Crypt:1)
  9 killer bees
  An electric eel (Orc:1)
  3 howler monkeys (D:7)
  A wolf skeleton (Crypt:1)
  3 jellies
  4 hounds
  A human zombie (Crypt:1)
  Crazy Yiuf (D:2)
  35 orc priests
  7 iguanas
  A boggart zombie (Crypt:3)
  A human skeleton (D:7)
  21 orc wizards
  Natasha (D:4)
  A hound skeleton (Crypt:2)
  2 mummies (Crypt:2)
  3 gnolls
  A howler monkey zombie (Crypt:3)
  2 steam dragon zombies (Crypt:2)
  9 adders
  3 shadow imps
  4 white imps
  5 ufetubi
  A worm (shapeshifter) (D:12)
  2 worms
  A dart slug (D:3)
  95 orcs
  6 bats
  A bat zombie (Sewer)
  11 endoplasms
  2 endoplasms (shapeshifter) (D:15)
  6 giant cockroaches
  6 goblins
  4 hobgoblins
  3 jackals (D:1)
  25 kobolds
  4 quokkas
  7 ball pythons
  A frilled lizard skeleton (Crypt:2)
  A jackal skeleton (D:7)
  A kobold skeleton (Crypt:3)
  A kobold zombie (Sewer)
  5 rats
  A lurking horror (Lair:4)
2213 creatures vanquished.

Vanquished Creatures (collateral kills)
  A dread lich (Crypt:3)
  An ancient lich (Crypt:3)
  Sojobo (Vaults:2)
  Bai Suzhen (Vaults:2)
  2 liches (Crypt:3)
  Rupert (D:14)
  A deep elf master archer (Elf:3)
  2 tengu reavers (Vaults:2)
  A minotaur (Gauntlet)
  An entropy weaver (Spider:3)
  A rakshasa (D:15)
  A catoblepas (Lair:4)
  A jorogumo (Spider:4)
  2 radroaches
  A death yak (Lair:3)
  7 dancing weapons
  A deep elf knight (Elf:2)
  A pharaoh ant (Spider:4)
  An orb spider (Spider:4)
  A deep troll (Depths:3)
  A deep elf archer (Elf:3)
  3 deep elf zephyrmancers (Elf:2)
  A wolf spider (Spider:4)
  2 ugly things (D:15)
  A tengu conjurer (Depths:3)
  A slime creature (D:15)
  3 jumping spiders (Spider:4)
  A culicivora (Spider:3)
  4 redbacks (Spider:4)
46 creatures vanquished.

Vanquished Creatures (others)
  The ghost of jujuben the Severer, an adept AtBe of Trog (Depths:1)
  A deep elf zephyrmancer (Elf:3)
  A snapping turtle (Shoals:4)
  An air elemental (Elf:1)
  An acid dragon (Zot:4)
  A boggart (Vaults:2)
  An orc wizard (D:10)
7 creatures vanquished.

Grand Total: 2266 creatures vanquished

Notes
Turn   | Place    | Note
-------+----------+-------------------------------------------
     0 | D:1      | LordWeiramon the Deep Elf Berserker began the quest for the
                  | Orb.
     0 | D:1      | Reached XP level 1. HP: 13/13 MP: 3/3
   452 | D:1      | Reached XP level 2. HP: 16/19 MP: 4/4
   709 | D:1      | Found a faded altar of an unknown god.
   980 | D:1      | Reached skill level 1 in Short Blades
  1018 | D:1      | Reached XP level 3. HP: 22/23 MP: 5/5
  1117 | D:1      | Reached skill level 1 in Stealth
  1467 | D:2      | Reached skill level 1 in Ranged Weapons
  1588 | D:2      | Reached XP level 4. HP: 28/28 MP: 6/6
  1775 | D:2      | Found a runed translucent door.
  1859 | D:3      | Reached ** piety under Trog
  2780 | D:3      | Reached XP level 5. HP: 32/32 MP: 7/7
  3143 | D:4      | Reached skill level 5 in Ranged Weapons
  3538 | D:4      | Noticed Natasha
  3859 | D:4      | Reached XP level 6. HP: 37/37 MP: 8/8
  4035 | D:5      | Entered Level 5 of the Dungeon
  4035 | D:5      | Noticed a water moccasin
  4166 | D:5      | Killed a water moccasin
  4334 | D:5      | Noticed a water moccasin
  4350 | D:5      | Killed a water moccasin
  4351 | D:5      | Reached XP level 7. HP: 41/41 MP: 9/9
  4792 | D:6      | Noticed CareLess's ghost (novice HOMo)
  4792 | D:6      | Found a shimmering altar of Xom.
  4793 | D:6      | Noticed a +4 spear of chaos
  4901 | D:6      | Found a sacrificial altar of Ru.
  4981 | D:6      | Reached skill level 10 in Ranged Weapons
  5087 | D:6      | Reached XP level 8. HP: 46/46 MP: 10/10
  5213 | D:6      | Found a glowing drain.
  5231 | Sewer    | Entered a sewer
  5421 | Sewer    | Reached skill level 5 in Dodging
  5477 | Sewer    | Found an ancient bone altar of Kikubaaqudgha.
  5738 | Sewer    | Noticed Grinder
  5748 | Sewer    | Killed Grinder
  5806 | D:6      | Found a broken altar of Ashenzari.
  5887 | D:4      | Killed Natasha
  6065 | D:2      | Noticed Crazy Yiuf
  6071 | D:2      | Killed Crazy Yiuf
  6219 | D:7      | Found a staircase to the Ecumenical Temple.
  6285 | D:7      | Reached XP level 9. HP: 31/50 MP: 11/11
  6581 | D:7      | Reached *** piety under Trog
  6733 | D:7      | Noticed Duvessa
  7056 | D:7      | Killed Duvessa
  7171 | D:7      | Noticed Dowan
  7179 | D:7      | Killed Dowan
  7216 | D:7      | Found a runed translucent door.
  7221 | D:7      | Found a basalt altar of Yredelemnul.
  7472 | D:8      | Found a shimmering altar of Xom.
  7687 | D:8      | Identified the +9 trident of Starshine {speed, Will+ Str+7}
  7688 | D:8      | Found a runed translucent door.
  7688 | D:8      | Noticed sunglassesatnite's ghost (novice MiBe)
  8260 | D:9      | Found an ornate altar of the Wu Jian Council.
  8380 | D:9      | Reached XP level 10. HP: 54/56 MP: 12/12
  8394 | D:9      | Found a staircase to the Orcish Mines.
  8441 | D:9      | Reached **** piety under Trog
  9034 | D:10     | Entered Level 10 of the Dungeon
  9045 | D:10     | Reached skill level 10 in Dodging
  9058 | D:10     | Noticed Grum
  9173 | D:9      | Killed Grum
  9264 | D:10     | Reached skill level 15 in Ranged Weapons
  9585 | D:10     | Found Gozag's Platinum Reserve.
  9588 | D:10     | Found an opulent altar of Gozag.
  9950 | D:10     | Found a staircase to the Lair.
 10001 | D:10     | Noticed Sonja
 10007 | D:10     | Killed Sonja
 10008 | D:10     | Reached skill level 5 in Fighting
 10146 | D:10     | Found a shimmering blue altar of Sif Muna.
 10196 | D:10     | Reached XP level 11. HP: 61/64 MP: 13/13
 10224 | D:10     | Noticed a two-headed ogre
 10275 | D:10     | Killed a two-headed ogre
 10359 | D:10     | Noticed Gastronok
 10446 | D:10     | Killed Gastronok
 10872 | Lair:1   | Entered Level 1 of the Lair of Beasts
 11535 | Lair:1   | Reached skill level 5 in Armour
 11679 | Lair:1   | Noticed a death yak
 11849 | Lair:1   | Identified the +1 leather armour of the Crypt {Fly}
 11868 | Lair:1   | Noticed a death yak
 11965 | Lair:1   | Killed a death yak
 12191 | Lair:2   | Noticed a boulder beetle
 12201 | Lair:2   | Killed a boulder beetle
 12310 | Lair:2   | Noticed a five-headed hydra
 12322 | Lair:2   | Killed a five-headed hydra
 12363 | Lair:2   | Reached XP level 12. HP: 72/72 MP: 14/14
 12432 | Lair:2   | Noticed an eight-headed hydra
 12441 | Lair:2   | Killed an eight-headed hydra
 13092 | Lair:3   | Noticed a four-headed hydra
 13109 | Lair:3   | Killed a four-headed hydra
 13111 | Lair:3   | Noticed a boulder beetle
 13125 | Lair:3   | Killed a boulder beetle
 13182 | Lair:3   | Found a hole to the Spider Nest.
 13201 | Lair:3   | Found a staircase to the Shoals.
 13239 | Lair:3   | Reached skill level 15 in Dodging
 13400 | Lair:3   | You are sucked into a shaft and drop 1 floor!
 13440 | Lair:4   | Found a transporter.
 13441 | Lair:4   | Found a transporter.
 13599 | Lair:4   | Noticed a death yak
 13654 | Lair:4   | Noticed a boulder beetle
 13675 | Lair:4   | Killed a boulder beetle
 13676 | Lair:4   | Reached skill level 5 in Stealth
 13783 | Lair:4   | Noticed a six-headed hydra
 13794 | Lair:4   | Killed a six-headed hydra
 13824 | Lair:4   | Noticed a catoblepas
 14349 | Lair:4   | Noticed a death yak
 14349 | Lair:4   | Noticed a death yak
 14349 | Lair:4   | Noticed a death yak
 14349 | Lair:4   | Noticed a death yak
 14356 | Lair:3   | Killed a death yak
 14357 | Lair:3   | Reached skill level 5 in Evocations
 14716 | Lair:4   | Found a staircase to the Slime Pits.
 14850 | Lair:4   | Killed a death yak
 15013 | Lair:4   | Noticed jsudlow's ghost (journeyman MiBe)
 15022 | Lair:4   | Found a one-way gate to the infinite horrors of the Abyss.
 15022 | Lair:4   | Noticed a hell hog
 15077 | Lair:4   | Killed a catoblepas
 15078 | Lair:4   | Reached XP level 13. HP: 68/79 MP: 12/15
 16448 | Lair:1   | Identified a scroll of acquirement
 16449 | Lair:1   | Acquired the ring of Zin's Supremacy {Fly rElec Will+
                  | Dex+2}
 16789 | Lair:5   | Entered Level 5 of the Lair of Beasts
 16919 | Lair:5   | Reached skill level 10 in Fighting
 19431 | Lair:5   | Reached XP level 14. HP: 72/88 MP: 11/16
 19526 | Lair:5   | Found a corrupted altar of Lugonu.
 19544 | Lair:5   | Identified the ring "Wanuac" {rPois rC+ rN+ Dex+2}
 20135 | D:6      | Identified the +0 ring mail "Anuupo Diput" {rPois rF+ rC++
                  | Int+4}
 20179 | D:6      | Found a runed translucent door.
 20681 | D:11     | Reached ***** piety under Trog
 21486 | D:12     | Found a gate leading to a gauntlet.
 21491 | Gauntlet | Entered a Gauntlet
 21491 | Gauntlet | Found a transporter.
 21491 | Gauntlet | Found a transporter.
 21491 | Gauntlet | Found a transporter.
 21494 | Gauntlet | Found a transporter.
 21496 | Gauntlet | Found a transporter.
 21510 | Gauntlet | Found a transporter.
 21514 | Gauntlet | Found a transporter.
 21528 | Gauntlet | Found a transporter.
 21531 | Gauntlet | Found the +2 hood of the Assassin {Detect Stab+ Stlth++}
 21531 | Gauntlet | Noticed a cacodemon
 21547 | Gauntlet | Found a transporter.
 21564 | Gauntlet | Found a transporter.
 21568 | Gauntlet | Found a transporter.
 21578 | Gauntlet | Found a transporter.
 21849 | Gauntlet | Identified the +1 fire dragon scales of the Demonic God
                  | {rPois rF++ rC- Will++}
 21876 | Gauntlet | Identified the +0 chain mail "Keupev" {rC+}
 24688 | D:14     | Found Redaots's Assorted Antiques.
 24882 | D:14     | Reached skill level 10 in Armour
 25059 | D:14     | Noticed Rupert
 25070 | D:14     | Killed Rupert
 25324 | D:14     | Reached XP level 15. HP: 73/92 MP: 13/17
 25907 | D:14     | Found a gate to the Vaults.
 26644 | D:15     | Entered Level 15 of the Dungeon
 26883 | D:15     | Identified the +0 robe "Ufrayj" {Harm rC+ Str+3 Int-2}
 27144 | D:15     | Received a gift from Trog
 27449 | D:15     | Found a blossoming altar of Fedhas.
 27494 | D:15     | Found a shimmering altar of Xom.
 27494 | D:15     | Found a shimmering altar of Xom.
 27494 | D:15     | Found a shimmering altar of Xom.
 27496 | D:15     | Found a shimmering altar of Xom.
 27605 | D:15     | Reached skill level 10 in Evocations
 27888 | D:15     | Found a staircase to the Depths.
 28136 | D:8      | Killed sunglassesatnite's ghost
 28315 | D:6      | Killed CareLess's ghost
 28424 | Orc:1    | Entered Level 1 of the Orcish Mines
 28857 | Orc:1    | Found a burning altar of Makhleb.
 29060 | Orc:2    | Entered Level 2 of the Orcish Mines
 29060 | Orc:2    | Noticed Nessos
 29060 | Orc:2    | Found a staircase to the Elven Halls.
 29066 | Orc:1    | Received a gift from Trog
 29106 | Orc:2    | Killed Nessos
 30402 | Orc:2    | Received a gift from Trog
 30434 | Orc:2    | Found Uduuc's Weapon Shop.
 30434 | Orc:2    | Found Kudan's Antique Weapon Shop.
 30435 | Orc:2    | Found Teoschu's Book Boutique.
 30435 | Orc:2    | Found Weech's Antique Armour Shop.
 30778 | Shoals:1 | Entered Level 1 of the Shoals
 30829 | Shoals:1 | Noticed Roxanne
 32380 | Shoals:2 | Reached XP level 16. HP: 77/97 MP: 13/18
 32875 | Shoals:3 | Found a runed translucent gate.
 32875 | Shoals:3 | Found a runed translucent gate.
 32875 | Shoals:3 | Found a runed translucent gate.
 32882 | Shoals:3 | Noticed mrw3rdna's ghost (adept MiHu)
 32882 | Shoals:3 | Noticed safid's ghost (adept MfIE)
 33117 | Shoals:2 | Received a gift from Trog
 33733 | Shoals:4 | Entered Level 4 of the Shoals
 33796 | Shoals:4 | Found a glowing golden altar of the Shining One.
 33799 | Shoals:4 | Noticed Polyphemus
 35247 | Shoals:4 | Found a stormy altar of Qazlal.
 35474 | Shoals:4 | Killed Polyphemus
 35880 | Shoals:4 | Found a runed translucent door.
 35880 | Shoals:4 | Found a shimmering altar of Xom.
 35880 | Shoals:4 | Noticed ystael's ghost (adept MiFi)
 36388 | Shoals:4 | Got a barnacled rune of Zot
 36609 | Spider:1 | Entered Level 1 of the Spider Nest
 36621 | Lair:3   | Received a gift from Trog
 36808 | Lair:3   | Reached XP level 17. HP: 73/108 MP: 14/19
 39123 | Spider:2 | Received a gift from Trog
 39505 | Elf:1    | Entered Level 1 of the Elven Halls
 39617 | Elf:1    | Found Eplocse's Antique Weapon Shoppe.
 40043 | Elf:1    | Found a large runed translucent door.
 40043 | Elf:1    | Found a large runed translucent door.
 40048 | Elf:1    | Noticed erynZofia's ghost (journeyman VSBr)
 40075 | Elf:1    | Killed erynZofia's ghost
 40508 | Elf:1    | Paralysed by an air elemental for 1 turns
 40858 | Elf:2    | Noticed Donald
 40872 | Elf:2    | Killed Donald
 40991 | Elf:2    | Found Ytauc's Weapon Shoppe.
 41045 | Elf:2    | Received a gift from Trog
 41113 | Elf:2    | Found a runed translucent gate.
 41114 | Elf:2    | Found a runed translucent gate.
 41114 | Elf:2    | Found a runed translucent gate.
 41138 | Elf:2    | Noticed a deep elf blademaster
 41146 | Elf:2    | Killed a deep elf blademaster
 41984 | Elf:2    | Reached XP level 18. HP: 114/114 MP: 20/20
 41996 | Elf:2    | Found Xureno's Antique Weapon Shop.
 42101 | Elf:2    | Found Xaagur's Book Shoppe.
 42310 | Elf:2    | Found Nutac's Jewellery Boutique.
 42337 | Elf:2    | Found Qemen's Antique Weapon Boutique.
 42404 | Elf:3    | Entered Level 3 of the Elven Halls
 45588 | Elf:3    | Identified the +5 double sword "Qunuhu" {freeze, rN+ Int+3}
 45854 | Elf:3    | Identified the +0 swamp dragon scales of Pagoshry {rPois
                  | rN+ Int+3 Dex-3}
 46034 | Elf:3    | Reached skill level 15 in Fighting
 46040 | Elf:3    | Identified the +8 halberd of the Magi {venom, rC- rN+
                  | Int+4}
 46040 | Elf:3    | Identified the ring "Mofogroly" {rF+ rC+ AC+4 Dex+4}
 46735 | Elf:3    | Identified the +0 dagger of Tonyerau {flame, rPois Will++}
 46837 | Elf:3    | Identified the staff of fire "Bounger" {Drain rElec rPois
                  | rF+ Str+3}
 46854 | Elf:3    | Identified the +7 shortbow "Fuoziko" {heavy, rC+}
 46855 | Elf:3    | Identified the staff of conjuration "Jelunem" {rCorr}
 46960 | Elf:3    | Received a gift from Trog
 47421 | Spider:3 | Identified the +3 leather armour of the Dragon {Int+6}
 47747 | Spider:3 | Noticed Nikola
 47763 | Spider:3 | Killed Nikola
 48211 | Spider:3 | Noticed Louise
 48232 | Spider:3 | Killed Louise
 48589 | Spider:4 | Entered Level 4 of the Spider Nest
 48922 | Spider:3 | Reached XP level 19. HP: 94/124 MP: 2/21
 49605 | Spider:4 | Received a gift from Trog
 50891 | Spider:4 | Got a gossamer rune of Zot
 51240 | Vaults:1 | Entered Level 1 of the Vaults
 51559 | Vaults:1 | Reached ****** piety under Trog
 51568 | Vaults:1 | Reached skill level 27 in Ranged Weapons
 52071 | Vaults:1 | Found Zorod's Assorted Antiques.
 52079 | Vaults:1 | Bought 2 scrolls of blinking for 735 gold pieces
 53808 | Vaults:2 | Reached XP level 20. HP: 94/129 MP: 16/22
 53853 | Vaults:2 | Received a gift from Trog
 54060 | Vaults:2 | Noticed Bai Suzhen
 54180 | Vaults:2 | Killed Bai Suzhen
 54836 | Vaults:2 | Noticed Zenata
 55267 | Vaults:2 | Noticed Sojobo
 55275 | Vaults:2 | Paralysed by an air elemental for 1 turns
 55278 | Vaults:2 | Noticed Saint Roka
 55564 | Vaults:2 | Killed Sojobo
 55564 | Vaults:2 | Received a gift from Trog
 55781 | Vaults:2 | Killed Saint Roka
 56745 | Vaults:3 | Found a staircase to the Crypt.
 56745 | Vaults:3 | Found an ancient bone altar of Kikubaaqudgha.
 56745 | Vaults:3 | Found a basalt altar of Yredelemnul.
 57296 | Vaults:3 | Found Teehof's Magic Scroll Shoppe.
 57299 | Vaults:3 | Bought 3 scrolls of poison for 192 gold pieces
 57299 | Vaults:3 | Bought a scroll of poison for 64 gold pieces
 57299 | Vaults:3 | Bought a scroll of blinking for 120 gold pieces
 57299 | Vaults:3 | Bought a scroll of teleportation for 48 gold pieces
 58125 | Vaults:3 | Acquired the scarf "Weghau Ruryc" {repulsion, rN+ Int+3}
 58152 | Vaults:4 | Found Xokemnoa's General Store.
 58157 | Vaults:4 | Noticed Mara
 58170 | Vaults:4 | Noticed LordWeiramon's illusion
 58174 | Vaults:4 | Killed Mara
 58695 | Vaults:4 | Bought a potion of invisibility for 144 gold pieces
 58695 | Vaults:4 | Bought a wand of mindburst (5) for 126 gold pieces
 58695 | Vaults:4 | Bought a scroll of poison for 72 gold pieces
 58699 | Vaults:4 | Noticed Margery
 58879 | Vaults:4 | Killed Margery
 58886 | Vaults:3 | Reached XP level 21. HP: 81/134 MP: 14/23
 59139 | Vaults:4 | Found Ciumocwa's Antique Weapon Shoppe.
 59470 | Vaults:4 | Found Lawk's Jewellery Shoppe.
 59478 | Vaults:4 | Bought the amulet "Saacum" {rPois Regen+ Dex+5} for 827
                  | gold pieces
 60505 | Vaults:4 | Identified the +2 sling "Dragonslayer" {freeze, Fly}
 60529 | Vaults:4 | Identified the ring of Nouni {rF+ rCorr Slay+2 Stlth+}
 60593 | Vaults:4 | Identified the ring "Siqo" {Will+ Int+2 Dex+6}
 60621 | Vaults:4 | Identified the ring "Edur" {Str+2 Int+6}
 61054 | Vaults:2 | Killed Zenata
 61054 | Vaults:2 | Received a gift from Trog
 61377 | Lair:4   | Killed jsudlow's ghost
 61388 | Lair:4   | Reached skill level 27 in Dodging
 61555 | Shoals:1 | Killed Roxanne
 61653 | Shoals:3 | Killed mrw3rdna's ghost
 61664 | Shoals:3 | Killed safid's ghost
 61837 | Shoals:4 | Killed ystael's ghost
 61874 | Shoals:4 | Identified the +2 sling of a Labyrinth {freeze, +Blink
                  | rPois}
 62305 | Crypt:1  | Entered Level 1 of the Crypt
 62685 | Crypt:1  | Noticed an ancient lich
 62693 | Crypt:1  | Killed an ancient lich
 63067 | Crypt:1  | Received a gift from Trog
 63809 | Crypt:2  | Found an ancient bone altar of Kikubaaqudgha.
 63880 | Crypt:2  | Identified the +4 sling "Yxkym" {heavy, Str+3}
 64116 | Crypt:2  | Noticed a royal mummy
 64139 | Crypt:2  | Killed a royal mummy
 64221 | Crypt:2  | Identified the staff of poison "Xixumi" {+Blink rPois}
 64292 | Crypt:2  | Reached XP level 22. HP: 140/140 MP: 24/24
 64881 | Crypt:2  | Received a gift from Trog
 64943 | Crypt:2  | Identified the +5 hand axe of Agony {flame, Int+4}
 64966 | Crypt:2  | Noticed a royal mummy
 64973 | Crypt:2  | Killed a royal mummy
 65076 | Crypt:3  | Entered Level 3 of the Crypt
 65080 | Crypt:3  | Noticed a dread lich
 65093 | Crypt:3  | Killed a dread lich
 65207 | Crypt:3  | Found a staircase to the Tomb.
 65258 | Crypt:3  | Identified the ring "Piysism" {Ice Contam Drain rN+ Int+9}
 65258 | Crypt:3  | Noticed Josephina
 65268 | Crypt:3  | Killed Josephina
 65285 | Crypt:3  | Noticed a curse toe
 65297 | Crypt:3  | Killed a curse toe
 65514 | Crypt:3  | Found the +3 pair of gauntlets of War {Slay+5}
 65549 | Crypt:3  | Reached skill level 15 in Armour
 65593 | Crypt:3  | Received a gift from Trog
 65656 | Crypt:3  | Found a runed translucent door.
 65656 | Crypt:3  | Noticed Roocroe's ghost (veteran MiGl)
 65743 | Crypt:3  | Noticed an ancient lich
 65744 | Crypt:3  | Noticed a dread lich
 65752 | Crypt:3  | Killed an ancient lich
 65755 | Crypt:3  | Killed a dread lich
 65779 | Crypt:3  | Identified the ring "Dironis" {Fire Fly rPois Will- rCorr}
 66455 | Depths:1 | Entered Level 1 of the Depths
 66769 | Depths:1 | Reached skill level 10 in Stealth
 66780 | Depths:1 | Acquired a +3 triple crossbow of freezing
 67045 | Depths:1 | Received a gift from Trog
 67058 | Depths:1 | Identified the +1 hat of Tighoeg {-Tele rPois Dex+5}
 67060 | Depths:1 | Identified the +0 robe "Riorch" {rF- MP+9 Archmagi}
 67079 | Depths:1 | Identified the +1 hat of Qaimofe {Str+2}
 67107 | Depths:1 | Found a radiant altar of Vehumet.
 67118 | Depths:1 | Identified the +2 hat of Tierph {Dex+6}
 67209 | Depths:1 | Found a gateway to Hell.
 67270 | Depths:1 | Reached skill level 15 in Stealth
 67361 | Depths:1 | Found a runed translucent door.
 67362 | Depths:1 | Noticed jujuben's ghost (adept AtBe)
 67374 | Depths:1 | Killed jujuben's ghost
 67383 | Depths:1 | Identified the +12 mace of the Swamp {pain, SInv}
 67770 | Depths:2 | Reached XP level 23. HP: 145/145 MP: 25/25
 67784 | Depths:2 | Found a one-way gate leading to the halls of Pandemonium.
 67785 | Depths:2 | Found a one-way gateway to a ziggurat.
 67857 | Depths:2 | Gained mutation: You are frail. (-10% HP) [a shining eye]
 67976 | Depths:2 | Reached XP level 24. HP: 138/138 MP: 25/25
 67994 | Depths:2 | Noticed a juggernaut
 68001 | Depths:2 | Received a gift from Trog
 68372 | Depths:2 | Killed a juggernaut
 68713 | Depths:3 | Found Voesoemm's Book Shop.
 68877 | Depths:3 | Found a glowing golden altar of the Shining One.
 69064 | Depths:3 | Received a gift from Trog
 69426 | D:14     | Bought a potion of curing for 87 gold pieces
 69426 | D:14     | Bought a potion of curing for 87 gold pieces
 69426 | D:14     | Bought a scroll of teleportation for 87 gold pieces
 69521 | Vaults:1 | Bought a scroll of poison for 196 gold pieces
 69521 | Vaults:1 | Bought a wand of iceblast (7) for 823 gold pieces
 69740 | Depths:3 | Paralysed by a floating eye for 3 turns
 70004 | Depths:4 | Entered Level 4 of the Depths
 70128 | Depths:4 | Found a gate to the Realm of Zot.
 70228 | Depths:4 | Found Puph's Weapon Emporium.
 70371 | Depths:4 | Received a gift from Trog
 70963 | Vaults:5 | Entered Level 5 of the Vaults
 70963 | Vaults:5 | Noticed an ancient lich
 70982 | Vaults:5 | Killed an ancient lich
 71010 | Vaults:5 | Noticed an ancient lich
 71019 | Vaults:5 | Killed an ancient lich
 71024 | Vaults:5 | Reached XP level 25. HP: 150/150 MP: 25/25
 71229 | Vaults:5 | Received a gift from Trog
 71303 | Vaults:5 | Got a silver rune of Zot
 71418 | Vaults:5 | Identified the +3 falchion of Perversion {flame, Fragile
                  | rN+ SInv}
 71427 | Vaults:5 | Identified the +0 plate armour of Qeseal {*Corrode Slay+5
                  | Stlth+}
 71428 | Vaults:5 | Identified the +2 leather armour of Ethics {Harm rF+ Int+3
                  | Stlth-}
 71495 | Vaults:5 | Identified the ring of Beauty {rC+ Str+5}
 71642 | Vaults:5 | Noticed an ancient lich
 71648 | Vaults:5 | Killed an ancient lich
 71719 | Vaults:5 | Identified the staff of earth "Laatir" {rN+ Str-4 Dex+3}
 71968 | Vaults:5 | Received a gift from Trog
 71972 | Vaults:5 | Found Ytzugauph's Assorted Antiques.
 71978 | Vaults:5 | Bought a potion of haste for 470 gold pieces
 71978 | Vaults:5 | Bought a scroll of enchant armour for 352 gold pieces
 71978 | Vaults:5 | Bought a potion of might for 188 gold pieces
 72195 | Vaults:5 | Identified the +1 robe of Distant Shores {+Blink Will+}
 72773 | Zot:1    | Entered Level 1 of the Realm of Zot
 73567 | Zot:2    | Reached XP level 26. HP: 138/162 MP: 25/25
 73688 | Zot:2    | Received a gift from Trog
 75172 | Zot:3    | Found a transporter.
 75210 | Zot:3    | Found the +0 mask of the Dragon {Will+ Slay+3 SInv}
 75499 | Zot:3    | Found a radiant altar of Vehumet.
 76031 | Zot:4    | Found Ramyos's Changing Room.
 76043 | Zot:4    | Received a gift from Trog
 76536 | Zot:4    | Bought a potion of mutation for 96 gold pieces
 76536 | Zot:4    | Bought a potion of mutation for 96 gold pieces
 76837 | Zot:5    | Entered Level 5 of the Realm of Zot
 77260 | Zot:5    | Noticed a dread lich
 77262 | Zot:5    | Noticed an orb of fire
 77262 | Zot:5    | Noticed an orb of fire
 77263 | Zot:5    | Noticed an orb of fire
 77265 | Zot:5    | Noticed a dread lich
 77268 | Zot:5    | Noticed an orb of fire
 77268 | Zot:5    | Killed a dread lich
 77268 | Zot:5    | Gained mutation: You sometimes lose your temper in combat.
                  | [an orb of fire]
 77272 | Zot:5    | Killed an orb of fire
 77273 | Zot:5    | Noticed an ancient lich
 77273 | Zot:5    | Gained mutation: You have very sharp teeth. [an orb of
                  | fire]
 77277 | Zot:5    | Gained mutation: Your magical capacity is low. (-10% MP)
                  | [an orb of fire]
 77278 | Zot:5    | Gained mutation: You have an uncontrollable temper. [an orb
                  | of fire]
 77282 | Zot:5    | Killed an orb of fire
 77282 | Zot:5    | Gained mutation: You are clumsy. (Dex -2) [an orb of fire]
 77286 | Zot:5    | Gained mutation: You are weak. (Str -2) [an orb of fire]
 77287 | Zot:5    | Killed an orb of fire
 77288 | Zot:5    | Killed a dread lich
 77289 | Zot:5    | Gained mutation: Your spells are a little easier to cast,
                  | but a little less powerful. [an orb of fire]
 77290 | Zot:5    | Noticed an orb of fire
 77296 | Zot:5    | Killed an orb of fire
 77297 | Zot:5    | Reached XP level 27. HP: 170/173 MP: 22/22
 77298 | Zot:5    | Killed an ancient lich
 77300 | Zot:5    | Gained mutation: You are dopey. (Int -2) [an orb of fire]
 77301 | Zot:5    | Gained mutation: Your body sometimes deteriorates upon
                  | taking damage. [an orb of fire]
 77311 | Zot:5    | Killed an orb of fire
 77745 | Zot:5    | Identified the +2 ring mail of the Big Bang {rCorr Str+3}
 77795 | Zot:5    | Received a gift from Trog
 78192 | Zot:5    | Lost mutation: You are weak. (Str -2) [potion of mutation]
 78192 | Zot:5    | Lost mutation: You are frail. (-10% HP) [potion of
                  | mutation]
 78192 | Zot:5    | Lost mutation: You have an uncontrollable temper. [potion
                  | of mutation]
 78192 | Zot:5    | Gained mutation: You have large cloven feet. [potion of
                  | mutation]
 78192 | Zot:5    | Gained mutation: You have hoof-like feet. [potion of
                  | mutation]
 78193 | Zot:5    | Lost mutation: Your magical capacity is low. (-10% MP)
                  | [potion of mutation]
 78193 | Zot:5    | Lost mutation: You are clumsy. (Dex -2) [potion of
                  | mutation]
 78193 | Zot:5    | Lost mutation: You are dopey. (Int -2) [potion of mutation]
 78193 | Zot:5    | Lost mutation: Your spells are a little easier to cast, but
                  | a little less powerful. [potion of mutation]
 78193 | Zot:5    | Gained mutation: You are partially covered in iridescent
                  | scales. (AC +2) [potion of mutation]
 78223 | Zot:5    | Got the Orb of Zot
 78689 | D:6      | Noticed Ana Xef the pandemonium lord
 78789 | D:$      | Escaped with the Orb!

Illustrated notes

Levels and vault maps discovered:
D:1:      heliophobic_arrival_ceremonial_halls, layout_loops_ring,
          shapermc_ecumenical_altar_hornbeckon, kennysheep_nondescript
D:2:      layout_rooms, uniq_crazy_yiuf_cottage
D:3:      layout_rooms
D:4:      layout_loops_ring, minmay_pentomino_pile, uniq_natasha
D:5:      layout_rooms
D:6:      layout_basic, nicolae_ru_sacrificial_ziggurat,
          evilmike_ruin_ashenzari, portal_sewer_entry_d, ebering_ghost_xom
D:7:      layout_basic, dk_yredelemnul_ordeal, minmay_temple_entry_large_hall,
          reono_crystal_passage, uniq_duvessa
D:8:      layout_basic, overflow_temple_1_default, ebering_ghost_funeral_grove,
          fungi_pond_lemuel, minmay_misc_feat_secret_circle
D:9:      layout_cave_pods, nicolae_wu_jian_wuxing_cycle, orc_0_dummy
D:10:     layout_basic, nicolae_gozag_zags_fifth_avenue, tgw_sif,
          due_lair_maze_entry_diamond, uniq_sonja, uniq_gastronok, uniq_grum
D:11:     layout_basic, minivault_16
D:12:     layout_stronghold, gauntlet_entry_generic, minivault_28
D:13:     layout_basic, chequers_serial_rivers_large_a, dk_noncrumbling_3,
          kennysheep_path_1
D:14:     lemuel_ogre_cave, layout_layer_cave, david_vaults_4, serial_shops,
          shop, minivault_25, uniq_rupert
D:15:     gammafunk_enter_depths_forms, layout_loops_cross, fedhas_altar_2,
          xom_shifter_show
Lair:1:   layout_chaotic_city, minmay_shattered_shrine
Lair:2:   layout_roguey, eino_small_chamber_without_monster, minmay_hedge_maze
Lair:3:   layout_loops_ring, shoals_dummy_entry, spider_nest_entry_web_field
Lair:4:   layout_big_grid, dpeg_slime_entry_enclosed,
          gammafunk_ghost_abyssal_escape
Lair:5:   hellmonk_lair_end_abyssal_woods, layout_long_grid, grunt_megastairs_4
Shoals:1: layout_shoals, uniq_roxanne
Shoals:2: layout_shoals
Shoals:3: layout_shoals, gammafunk_ghost_cemetery
Shoals:4: shoals_end_hangedman, layout_shoals, ebering_ghost_xom,
          hangedman_feature_mirror, uniq_polyphemus
Spider:1: layout_spider_delve
Spider:2: nicolae_spider_mines_3
Spider:3: nicolae_spider_hilbert_zone_6 [nicolae_spider_hilbert_4_sides_1_open,
          nicolae_spider_hilbert_4_sides_1_open,
          nicolae_spider_hilbert_4_sides_1_open,
          nicolae_spider_hilbert_4_sides_1_open,
          nicolae_spider_hilbert_4_sides_1_open,
          nicolae_spider_hilbert_4_sides_1_open,
          nicolae_spider_hilbert_4_sides_1_open], uniq_louise, uniq_nikola
Spider:4: grunt_spider_rune_parallel, guppyfry_spider_mini_3
Orc:1:    layout_caves, basic_altar, nooodl_orcs_dogs
Orc:2:    st_orc_pillars, layout_diamond_mine, uniq_nessos
Elf:1:    eino_elf_arrival_the_gate, layout_geoelf_diagonals, serial_shops,
          shop, ebering_ghost_disaster_area, minivault_28
Elf:2:    nicolae_elf_blades_crystal_corner, layout_gridlike, serial_shops,
          nicolae_shop_real_fake_doors, nicolae_square_shop, shop,
          nicolae_shop_mannequins, nicolae_shop_rolling_square, uniq_donald
Elf:3:    minmay_elf_hall_spiked, layout_geoelf_octagon, serial_sigils,
          serial_sigils_hangedman_etch, serial_sigils_hangedman_gnaw,
          serial_sigils_hangedman_scar, serial_sigils_hangedman_leer,
          serial_sigils_hangedman_stare, nicolae_elf_crossing_hall
Vaults:1: v_alt_pattern_5, vaults_room_grunt_arrival_ludios,
          nicolae_vaults_trapezoid_2, nicolae_vaults_meeting,
          nicolae_vaults_storage_closets_1, nicolae_vaults_trapezoid_lopsided_4,
          nicolae_vaults_spaceships, nicolae_vaults_variable_pillar_hall,
          v_misc_22, nicolae_vaults_mitosis,
          nicolae_vaults_trapezoid_lopsided_1, layout_vaults_omnicross,
          serial_shops, shop
Vaults:2: nicolae_vaults_puzzle_piece, vaults_room_hallway,
          ontoclasm_vaults_claustrophobia, nicolae_vaults_closet_pinwheel_2,
          ontoclasm_vaults_idyll, vaults_dpeg_encased_lava,
          vaults_dpeg_diagonal, layout_vaults_omnigrid, uniq_bai_suzhen,
          uniq_zenata, uniq_sojobo, uniq_saint_roka
Vaults:3: minmay_crypt_entry_necro_gods,
          nicolae_vaults_variable_pillar_hall_cross, ontoclasm_vaults_bender,
          vaults_standard_mumra_lines, v_pattern_1, ontoclasm_vaults_idyll,
          vaults_mumra_minichess, nicolae_vaults_diagonal_hallway_7,
          nicolae_vaults_stairing_the_circle, v_alt_pattern_2, v_misc_1,
          layout_vaults_omnibox, serial_shops, nicolae_shop_window_shopping
Vaults:4: vaults_room_pool, v_misc_8, hangedman_vaults_slice,
          nicolae_vaults_prndl, nicolae_vaults_storing_the_good_stuff,
          vaults_room_boxed, nicolae_vaults_little_squares_4,
          ontoclasm_vaults_ligature, nicolae_vaults_little_squares_2,
          vaults_mumra_minichess_inversion, nicolae_vaults_trapezoid_lopsided_1,
          nicolae_vaults_tangram_1, layout_vaults_ring, serial_shops,
          shop_statue, shop, shop, uniq_mara, uniq_margery
Vaults:5
Crypt:1:  layout_catacombs, minivault_24
Crypt:2:  layout_regular_city, lemuel_statue_altar, nicolae_crypt_niches,
          corexii_hall_statues_l, minivault_11, grunt_ministairs_12,
          st_burial_chamber
Crypt:3:  david_glass_crypt, layout_misc_corridors,
          ebering_ghost_reflecting_pool, grunt_ministairs_12, minivault_19,
          uniq_josephina
Depths:1: layout_gridlike, pf_vacation_house_of_asmodeus,
          nicolae_twisting_strands, gammafunk_ghost_grave, st_stairs_6,
          grunt_tower_of_power
Depths:2: hangedman_cross_stitches, layout_twisted_cross, enter_ziggurat_e,
          nicolae_hell_entry_hellmouth_sunbeams, dk_noncrumbling_2, pan_entry
Depths:3: minmay_stepped, layout_gridville, dk_noncrumbling_4, hellmouth_1,
          abyss_entry, tso_altar, minmay_shop_star, infiniplex_staircase_river
Depths:4: grunt_x_marks_the_spot, layout_gridlike, serial_shops, shop,
          hex_intersection, hell_entry
Zot:1:    layout_basic, grunt_ministairs_13
Zot:2:    layout_basic
Zot:3:    circus_mu, layout_cathedral_of_symmetry, basic_altar,
          grunt_ministairs_15, chequers_guarded_unrand_mask_of_the_dragon
Zot:4:    layout_cellular_growth, hangedman_zot_decor_tridents,
          nicolae_transmutations_shop, st_large_dragon_hoard_3
Zot:5:    layout_gridlike

Skill      XL: |  1  2  3  4  5  6  7  8  9 10 11 12 13 14 15 16 17 18 19 20 21 22 23 24 25 26 27 |
---------------+----------------------------------------------------------------------------------+-----
Fighting       | 3 5 7 8 10 13 15 16 19 22 25 26 | 26.8
Dodging        | 3 5 9 10 12 15 16 19 20 21 25 27 | 27.0
Short Blades   | 1 3 |  3.1
Stealth        | 1 5 6 15 | 15.3
Ranged Weapons | 2 4 6 7 10 12 14 16 18 19 23 24 27 | 27.0
Evocations     | 3 5 6 10 12 | 12.3
Armour         | 5 10 13 15 | 15.5
Unarmed Combat | |  2.4

Action                     |  1- 3 |  4- 6 |  7- 9 | 10-12 | 13-15 | 16-18 | 19-21 | 22-24 | 25-27 || total
---------------------------+-------+-------+-------+-------+-------+-------+-------+-------+-------++-------
  Melee: Unarmed           |    83 |       |       |       |       |       |       |       |       ||    83
         Punch             |     5 |       |     4 |       |       |       |       |       |       ||     9
         Dagger            |    42 |       |    97 |    69 |     6 |       |       |       |       ||   214
         Short sword       |    41 |    36 |       |       |       |       |       |       |       ||    77
   Fire: Sling             |     5 |   170 |    29 |       |       |       |       |       |       ||   204
         Shortbow          |       |       |   377 |   893 |  1081 |       |       |       |       ||  2351
         Arbalest          |       |       |       |       |  1091 |  1913 |  2009 |   416 |       ||  5429
         Longbow           |       |       |       |       |    40 |       |       |       |       ||    40
         Triple crossbow   |       |       |       |       |       |       |       |   570 |  1032 ||  1602
 Invoke: Berserk           |     6 |    11 |     7 |     4 |       |       |       |       |       ||    28
         Trog's Hand       |       |       |     2 |     1 |     4 |     4 |     2 |     4 |     2 ||    19
         Brothers in Arms  |       |       |       |     4 |     3 |     8 |     8 |     3 |       ||    26
  Evoke: Wand              |       |       |    11 |     7 |    28 |    27 |    15 |    12 |     3 ||   103
         Phial of floods   |       |       |       |       |     1 |     3 |     3 |     1 |       ||     8
         Box of beasts     |       |       |       |       |     1 |     5 |     2 |       |       ||     8
         Phantom mirror    |       |       |       |       |       |     3 |     1 |       |       ||     4
         Lightning rod     |       |       |       |       |       |       |       |     4 |       ||     4
    Use: Scroll            |     3 |     3 |     4 |     8 |    14 |    26 |    22 |    17 |     6 ||   103
         Potion            |       |     1 |     3 |     1 |     5 |    16 |     9 |     3 |     7 ||    45
   Stab: Sleeping          |     3 |       |       |       |       |       |       |       |       ||     3
         Paralysed         |       |       |    10 |    16 |     2 |       |       |       |       ||    28
 Armour: Animal skin       |    19 |     3 |       |       |       |       |       |       |       ||    22
         Leather armour    |       |    15 |    60 |    51 |    24 |       |       |       |       ||   150
         Skin              |       |       |       |     7 |    16 |       |       |       |       ||    23
         Ring mail         |       |       |       |       |   152 |   232 |   214 |       |       ||   598
         Acid dragon scale |       |       |       |       |       |       |    67 |   106 |    65 ||   238
  Dodge: Dodged            |   106 |    49 |   143 |   390 |  1167 |  1560 |  1546 |   768 |   568 ||  6297
